 Dungeon Crawl Stone Soup version 0.30-b1-2-g02819fbbbe (webtiles) character file.

Game seed: 5003085066320438283

2669 nightchill the Frost Mage (level 9, -1/61 HPs)
             Began as a Merfolk Ice Elementalist on Oct 12, 2023.
             Was a Believer of Hepliaklqana.
             Slain by Menkaure (14 damage)
             ... on level 7 of the Dungeon.
             The game lasted 00:20:17 (7433 turns).

nightchill the Frost Mage (MfIE)                    Turns: 7433, Time: 00:20:18

Health: -1/61      AC:  6    Str: 10    XL:     9   Next: 63%
Magic:  16/16      EV: 12    Int: 17    God:    Hepliaklqana [**....]
Gold:   367        SH:  0    Dex: 14    Spells: 7/18 levels left

rFire   + . .        b - +0 trident (vamp)
rCold   . . .        (no shield)
rNeg    . . .        I - +1 robe {rF+}
rPois   .            (no helmet)
rElec   .            G - +0 cloak
rCorr   +            (no gloves)
SInv    .            E - +1 pair of boots
Will    .....        (no amulet)
Stlth   ++           q - ring of resist corrosion
HPRegen 0.30/turn    (no ring)
MPRegen 0.15/turn

%: no passive effects
@: mighty
A: reduced essence, (nimble swimmer 2), mertail
a: Renounce Religion, Recall Ancestor, Ancestor Identity


You were on level 7 of the Dungeon.
You worshipped Hepliaklqana.
Hepliaklqana was pleased with you.
You visited 2 branches of the dungeon, and saw 8 of its levels.

You collected 367 gold pieces.

Inventory:

Hand Weapons
 b - a +0 vampiric trident (weapon)
 d - a +0 dagger
 h - a +2 dagger of venom
 n - a +0 sling
 x - a +0 halberd
 y - a +0 spear
Armour
 a - a +0 robe
 s - a +0 buckler
 E - a +1 pair of boots (worn)
 G - a +0 cloak (worn)
 I - a +1 robe of fire resistance (worn)
Jewellery
 m - a ring of positive energy
 q - a ring of resist corrosion (left hand)
Wands
 B - a wand of mindburst (1)
Scrolls
 e - a scroll of silence
 g - a scroll of fear
 k - a scroll of summoning {unknown}
 l - a scroll of magic mapping {unknown}
 p - a scroll of amnesia
 r - a scroll of brand weapon
 u - 3 scrolls of fog
 w - a scroll of vulnerability
 A - a scroll of noise
 D - a scroll of immolation
 F - 2 scrolls of enchant armour {unknown}
 H - a scroll of poison {unknown}
Potions
 c - a potion of ambrosia {unknown}
 f - 5 potions of curing
 j - a potion of resistance {unknown}
 o - 2 potions of flight
 t - a potion of attraction
 v - a potion of invisibility
 z - a potion of magic
 C - a potion of haste {unknown}
 J - a potion of mutation {unknown}


   Skills:
 + Level 5.5 Fighting
 * Level 6.9 Polearms
 - Level 2.6 Dodging
 - Level 2.1 Stealth
 - Level 5.1 Spellcasting
 + Level 0.2 Summonings
 * Level 9.5 Ice Magic
 + Level 4.7 Invocations


You had 7 spell levels left.
You knew the following spells:

 Your Spells              Type           Power      Damage    Failure   Level
a - Freeze                Ice            100%       1d10      1%          1
b - Frozen Ramparts       Ice            72%        1d11      1%          3
c - Ozocubu's Armour      Ice            36%        N/A       1%          3
d - Summon Ice Beast      Ice/Summ       21%        N/A       19%         4

Your spell library contained the following spells:

 Spells                   Type           Power      Damage    Failure   Level
 Blink                    Tloc           8%         N/A       22%         2
 Momentum Strike          Conj/Tloc      8%         3d8       22%         2
 Animate Armour           Summ/Erth      8%         N/A       80%         4
 Flame Wave               Conj/Fire      4%         2d5       80%         4
 Blade Hands              Tmut           2%         N/A       98%         5
 Iron Shot                Conj/Erth      2%         9d2       100%        6
 Malign Gateway           Summ/Tloc      2%         N/A       100%        7


Dungeon Overview and Level Annotations

Branches:
Dungeon (7/15)             Temple (1/1) D:4

Altars:
Dithmenos
Elyvilon
Gozag
Hepliaklqana
Makhleb
Okawaru
Qazlal
Ru
Sif Muna
Trog
Uskayaw
Vehumet
Wu Jian
Xom
Yredelemnul
Zin
The Shining One

Annotations:
D:3 1 runed translucent door, 1 exclusion, Crazy Yiuf
D:7 Menkaure


Innate Abilities, Weirdness & Mutations

Your life essence is reduced to manifest your ancestor. (-10% HP)
((You are very nimble when in or above water. (Stealth+, EV+, Speed+++)))
Your lower body shifts to a powerful aquatic tail in water.


Message History

Aim: Menkaure (heavily damaged, fast, not watching you, ally target, about 23% to evade your +0 vampiric trident)
You reach to attack!
You barely miss Menkaure.
Menkaure is heavily damaged.
Menkaure closely misses Jimmeh.
Reach: b) +0 trident (vamp)
Press: ? - help, Dir - move target, f/p - Menkaure
Aim: Menkaure (heavily damaged, fast, ally target, about 23% to evade your +0 vampiric trident)
You reach to attack!
You hit Menkaure.
Menkaure is severely damaged.
Menkaure hits Jimmeh!
Jimmeh is destroyed!
Reach: b) +0 trident (vamp)
Press: ? - help, Dir - move target, f/p - Menkaure
Aim: Menkaure (severely damaged, fast, about 23% to evade your +0 vampiric trident)
You reach to attack!
You hit Menkaure.
Menkaure is severely damaged.
Reach: b) +0 trident (vamp)
Press: ? - help, Dir - move target, f/p - Menkaure
Aim: Menkaure (severely damaged, fast, about 23% to evade your +0 vampiric trident)
You hit Menkaure.
Menkaure is severely damaged.
Menkaure hits you!!
* * * LOW HITPOINT WARNING * * *
Menkaure hits you but does no damage.
Press: ? - help, v - describe, . - travel
Here: Menkaure (severely damaged, fast)
The floor.
Casting: Frozen Ramparts (safe; 1% risk of failure)
Confirm with . or Enter, or press ? or * to list all spells.
Casting: Frozen Ramparts (safe; 1% risk of failure)
Press: ? - help, Dir - look around, f - activate
Okay, then.
Okay, then.
Okay, then.
Press: ? - help, v - describe, . - travel
Here: Menkaure (severely damaged, fast)
The floor.
You feel very mighty all of a sudden. Menkaure hits you!
You die...

## .## ##. # #.## .(.####.
o#§# ###..#... #l##
#.......# .## ###.......#
## ##.#.......# #
##..#......M##### ####
##...#.......@...####....#
##....#...(...###....#....#
##.#..##.......#
####......#
##....(##.......#
#...†....#
#......#........#
#.###....#
................# #.# #####
.....#..#####.### ##.#
.........## #. #..#
......#...###. ###.##


You could see Menkaure (fast).

Vanquished Creatures
  A wyvern (D:7)
  A steam dragon (D:7)
  2 water moccasins (D:5)
  An ogre (D:4)
  A centaur (D:5)
  A phantom (D:6)
  2 bullfrogs (D:7)
  A kobold brigand (D:5)
  2 scorpions
  3 wights (D:6)
  A jelly (D:5)
  3 orc priests
  2 hounds
  A gnoll bouda (D:4)
  Terence (D:2)
  5 iguanas
  10 orc wizards
  12 gnolls
  3 adders
  A shadow imp (D:5)
  An ufetubus (D:5)
  4 worms
  2 dart slugs
  22 orcs
  7 endoplasms
  4 giant cockroaches
  8 goblins
  3 hobgoblins
  5 jackals
  9 kobolds
  5 quokkas
  5 ball pythons
  7 bats
  3 frilled lizards
  5 rats
144 creatures vanquished.

Vanquished Creatures (collateral kills)
  An orc warrior (D:7)
  A black bear (D:7)
  A phantom (D:6)
  A scorpion (D:6)
  A wight (D:6)
  3 jellies
  A hound (D:7)
  2 orc priests
  4 orc wizards (D:6)
  An adder (D:6)
  A shadow imp (D:6)
  An ufetubus (D:7)
  2 orcs (D:6)
  A kobold (D:5)
21 creatures vanquished.

Vanquished Creatures (others)
  A knight (D:7)
  2 ancestors
  7 fungi
  A plant (D:2)
11 creatures vanquished.

Grand Total: 176 creatures vanquished

Notes
Turn   | Place    | Note
-------+----------+-------------------------------------------
     0 | D:1      | nightchill the Merfolk Ice Elementalist began the quest for
                  | the Orb.
     0 | D:1      | Reached XP level 1. HP: 13/13 MP: 3/3
   319 | D:1      | Reached XP level 2. HP: 20/20 MP: 5/5
   447 | D:1      | Reached skill level 1 in Fighting
   678 | D:1      | Reached XP level 3. HP: 26/26 MP: 6/6
   682 | D:1      | Learned a level 3 spell: Frozen Ramparts
   691 | D:1      | Got Sif Muna's Grimoire of the Quantum Pyre
   704 | D:1      | Reached skill level 5 in Ice Magic
  1518 | D:2      | Noticed Terence
  1529 | D:2      | Killed Terence
  1530 | D:2      | Reached XP level 4. HP: 26/33 MP: 1/7
  1976 | D:3      | Found a faded altar of an unknown god.
  2051 | D:3      | Reached XP level 5. HP: 26/38 MP: 9/9
  2242 | D:3      | Reached skill level 6 in Ice Magic
  2672 | D:3      | Reached XP level 6. HP: 46/46 MP: 6/10
  2771 | D:3      | Found a runed translucent door.
  2772 | D:3      | Noticed Crazy Yiuf
  2897 | D:4      | Found a staircase to the Ecumenical Temple.
  2904 | Temple   | Entered the Ecumenical Temple
  3037 | Temple   | Became a worshipper of Hepliaklqana the Forgotten
  3289 | D:4      | Learned a level 3 spell: Ozocubu's Armour
  3297 | D:4      | Reached skill level 1 in Polearms
  3454 | D:4      | Found a glowing silver altar of Zin.
  3480 | D:4      | Reached skill level 1 in Invocations
  3488 | D:4      | Reached XP level 7. HP: 52/52 MP: 0/12
  3716 | D:4      | Found a shimmering altar of Xom.
  3738 | D:4      | Reached skill level 7 in Ice Magic
  4013 | D:5      | Entered Level 5 of the Dungeon
  4552 | D:5      | Reached XP level 8. HP: 60/60 MP: 10/13
  4769 | D:5      | Reached * piety under Hepliaklqana
  4863 | D:5      | Found a sacrificial altar of Ru.
  5053 | D:5      | Reached skill level 8 in Ice Magic
  5195 | D:5      | Found a radiant altar of Vehumet.
  6026 | D:6      | Reached skill level 5 in Polearms
  6059 | D:6      | Found a stormy altar of Qazlal.
  6124 | D:6      | Reached XP level 9. HP: 56/60 MP: 15/15
  6258 | D:6      | Reached skill level 5 in Fighting
  6452 | D:6      | Reached skill level 9 in Ice Magic
  6466 | D:6      | Found a white marble altar of Elyvilon.
  6540 | D:6      | Found a glowing golden altar of the Shining One.
  7074 | D:7      | Reached skill level 5 in Spellcasting
  7200 | D:7      | Reached ** piety under Hepliaklqana
  7203 | D:7      | Remembered your ancestor Jimmeh as a knight
  7357 | D:7      | Learned a level 4 spell: Summon Ice Beast
  7422 | D:7      | Noticed Menkaure
  7433 | D:7      | Slain by Menkaure

Illustrated notes

Levels and vault maps discovered:
D:1:      dpeg_arrival_short_road, layout_loops_cross, st_stairs_3
D:2:      layout_loops_ring, mrwooster_statue_mirror, serial_bayou_ford_a,
          uniq_terence
D:3:      minmay_door_path, layout_rooms, ebering_ecumenical_altar_ruins,
          kennysheep_orc_chapel, uniq_crazy_yiuf_cottage
D:4:      layout_loops_cross, mainiacjoe_overflow_alcove_2, lemuel_doored_altar,
          minmay_temple_entry_slanted
D:5:      layout_loops_ring, hangedman_ru_absence, mainiacjoe_overflow_boulevard
D:6:      minmay_flawed_box, layout_basic, mainiacjoe_overflow_alcove_4,
          mainiacjoe_overflow_paths, tso_metal_star, hex_tiny
D:7:      minmay_inner_zag, layout_rooms, nemelex_spade_bored_becter,
          mainiacjoe_overflow_small_starburst,
          mainiacjoe_overflow_cross_hatched, minmay_misc_feat_pillars,
          uniq_duvessa, uniq_menkaure, uniq_maggie
Temple:   nicolae_temple_bog_church

Skill      XL: |  1  2  3  4  5  6  7  8  9 |
---------------+----------------------------+-----
Fighting       | 1 2 3 4 5 |  5.5
Ice Magic      | 5 6 7 8 9 |  9.5
Spellcasting   | 3 4 5 |  5.1
Polearms       | 1 3 5 6 |  6.9
Invocations    | 1 2 3 4 |  4.7
Dodging        | |  2.6
Stealth        | |  2.1
Summonings     | |  0.2

Action                     |  1- 3 |  4- 6 |  7- 9 || total
---------------------------+-------+-------+-------++-------
  Melee: Dagger            |    41 |    80 |    58 ||   179
         Punch             |     1 |     2 |     1 ||     4
         Tailslap          |     1 |       |       ||     1
         Trident           |       |       |   171 ||   171
   Cast: Freeze            |    33 |    11 |    29 ||    73
         Frozen Ramparts   |       |     8 |    17 ||    25
         Ozocubu's Armour  |       |     1 |     4 ||     5
 Invoke: Ancestor Identity |       |       |     1 ||     1
         Ancestor Life: Kn |       |       |     1 ||     1
    Use: Scroll            |       |     9 |     5 ||    14
         Potion            |       |       |     2 ||     2
   Stab: Sleeping          |     8 |     4 |     3 ||    15
         Distracted        |       |       |     3 ||     3
 Armour: Robe              |    12 |    25 |    56 ||    93
  Dodge: Dodged            |    44 |    76 |   106 ||   226
